 Dungeon Crawl Stone Soup version 0.25-a0-413-g3b4b6a4ccc (webtiles) character file.

Game seed: 7988300015419679050, levelgen mode: deterministic

560132 Borgoz the Shatterer (level 26, -2/179 HPs)
             Began as a Gargoyle Gladiator on Jan 14, 2020.
             Was the Champion of Okawaru.
             Killed by divine providence
             ... invoked by Khufu
              (9 damage)
             ... on level 3 of the Tomb of the Ancients.
             The game lasted 03:00:40 (64415 turns).

Borgoz the Shatterer (Gargoyle Gladiator)          Turns: 64415, Time: 03:00:40

Health: -2/179     AC: 59    Str: 34    XL:     26   Next: 61%
Magic:  38/38      EV: 23    Int: 23    God:    Okawaru [******]
Gold:   1594       SH:  0    Dex: 24    Spells: 25/25 levels left

rFire    + + +     SeeInvis .   b - +4 dire flail (holy)
rCold    + + +     Gourm    .   (shield currently unavailable)
rNeg     + + +     Faith    .   k - +9 gold dragon scales
rPois    ∞         Spirit   .   z - +0 helmet of Xeggasos {rPois MP+9 Str+3 Int+5}
rElec    +         Reflect  .   h - scarf {rC+ rF+}
rCorr    .         Harm     .   n - +0 pair of gloves "Kerphup" {rElec rC- Str+7}
MR       +....                  B - +1 pair of boots "Fecogac" {+Fly rN+ Dex+5 Slay+3}
Stlth    ..........             S - amulet "Xafetu" {rF+ rC+ MR- Regen+ Stlth+}
HPRegen  0.79/turn              m - ring of Uroremah {rC+ rN+}
MPRegen  0.26/turn              A - ring "Zaidyzyi" {MR+ Int+7 Slay+3}

@: about to teleport, berserk cooldown, flying, slowed, studying Shields, very
slow
A: big wings, thin skeletal structure 1, agile 1, negative energy resistance 1,
electricity resistance, wild magic 1, unbreathing, petrification resistance, rot
immunity, AC +20
}: 3/15 runes: decaying, serpentine, silver
a: Stop Flying, Heroism, Finesse, Renounce Religion


You were on level 3 of the Tomb of the Ancients.
You worshipped Okawaru.
Okawaru was exalted by your worship.
You were not hungry.

You visited 10 branches of the dungeon, and saw 46 of its levels.
You visited the Abyss 2 times.
You also visited: Gauntlet, Volcano and Wizlab.

You collected 7202 gold pieces.
You spent 5608 gold pieces at shops.

Inventory:

Hand Weapons
 a - the +10 mace "Doen Byi" {vamp, rF++ Str+2 Int-5 Dex+2}
   (You found it on level 4 of the Swamp)

   It inflicts no extra harm, but heals its wielder when it wounds a living foe.
   It affects your strength (+2).
   It affects your intelligence (-5).
   It affects your dexterity (+2).
   It greatly protects you from fire.
 b - a +4 dire flail of holy wrath (weapon)
Missiles
 N - a throwing net (quivered)
Armour
 g - a +2 shield
 h - a scarf of resistance (worn)
 k - +9 gold dragon scales (worn)
 n - the +0 pair of gloves "Kerphup" (worn) {rElec rC- Str+7}
   (You found it on level 1 of the Crypt)

   It affects your strength (+7).
   It makes you vulnerable to cold.
   It insulates you from electricity.
 z - the +0 helmet of Xeggasos (worn) {rPois MP+9 Str+3 Int+5}
   (You found it in a Gauntlet)

   It affects your strength (+3).
   It affects your intelligence (+5).
   It protects you from poison.
   It affects your magic capacity (+9).
 B - the +1 pair of boots "Fecogac" (worn) {+Fly rN+ Dex+5 Slay+3}
   (Okawaru gifted it to you on level 6 of the Lair of Beasts)

   It affects your dexterity (+5).
   It affects your accuracy and damage with ranged weapons and melee attacks
   (+3).
   It protects you from negative energy.
   It lets you fly.
 E - the +0 plate armour of Okuso {rC+}
   (You found it on level 1 of the Tomb of the Ancients)

   It protects you from cold.
 F - a +1 buckler of cold resistance
Jewellery
 m - the ring of Uroremah (left hand) {rC+ rN+}
   (You acquired it on level 1 of the Orcish Mines)

   [ring of protection from cold]

   It protects you from cold.
   It protects you from negative energy.
 w - an uncursed amulet of guardian spirit
 A - the ring "Zaidyzyi" (right hand) {MR+ Int+7 Slay+3}
   (You took it off an orc knight on level 10 of the Dungeon)

   [ring of slaying]

   It affects your intelligence (+7).
   It affects your accuracy and damage with ranged weapons and melee attacks
   (+3).
   It affects your resistance to hostile enchantments.
 D - the ring of Wutu {rElec rPois rCorr Dex+5}
   (You bought it in a shop on level 14 of the Dungeon)

   [ring of resist corrosion]

   It affects your dexterity (+5).
   It insulates you from electricity.
   It protects you from poison.
   It provides partial protection from all sources of acid and corrosion.
 R - the amulet of Vuompecoy {Reflect MR+ Int+2 SH+3}
   (You took it off a deep elf knight on level 3 of the Elven Halls)

   [amulet of reflection]

   It shields you and reflects attacks.
   It affects your intelligence (+2).
   It affects your resistance to hostile enchantments.
   It affects your SH (+3).
 S - the amulet "Xafetu" (around neck) {rF+ rC+ MR- Regen+ Stlth+}
   (You bought it in a shop on level 3 of the Vaults)

   [amulet of regeneration]

   It protects you from fire.
   It protects you from cold.
   It affects your resistance to hostile enchantments.
   It increases your rate of regeneration.
   It makes you more stealthy.
Wands
 d - a wand of disintegration (42)
 i - a wand of iceblast (101)
 q - a wand of digging (46)
 r - a wand of acid (44)
 C - a wand of paralysis (7)
 I - a wand of scattershot (4)
Scrolls
 j - 20 scrolls of teleportation
 l - 25 scrolls of remove curse
 p - 10 scrolls of blinking
 H - 8 scrolls of fog
 J - 7 scrolls of fear
 K - 2 scrolls of immolation
 L - 3 scrolls of summoning
 M - 2 scrolls of identify
 Q - 3 scrolls of silence
 X - 6 scrolls of magic mapping
Potions
 c - a potion of cancellation
 e - 4 potions of berserk rage
 o - 3 potions of ambrosia
 s - 10 potions of might
 t - 6 potions of agility
 u - 6 potions of haste
 v - 2 potions of invisibility
 x - 9 potions of curing
 G - 4 potions of heal wounds
 U - 4 potions of resistance
Books
 O - a manual of Shields
Comestibles
 f - 44 rations


   Skills:
 * Level 21.8 Fighting
 * Level 22.9 Maces & Flails
 - Level 1.7 Throwing
 * Level 21.7 Armour
 * Level 19.8 Dodging
 + Level 9.6 Shields
 - Level 8.0 Invocations
 - Level 5.0 Evocations


You had 25 spell levels left.
You didn't know any spells.
Your spell library contained the following spells:

 Spells                   Type           Power        Failure   Level  Hunger
 Animate Skeleton         Necr           N/A          78%         1    ##.....
 Apportation              Tloc           #.....       78%         1    ##.....
 Beastly Appendage        Tmut           #.....       78%         1    ##.....
 Corona                   Hex            #......      78%         1    ##.....
 Freeze                   Ice            #...         78%         1    ##.....
 Infusion                 Chrm           #...         78%         1    ##.....
 Magic Dart               Conj           #...         78%         1    ##.....
 Pain                     Necr           #...         78%         1    ##.....
 Sting                    Tmut/Pois      #...         78%         1    ##.....
 Summon Butterflies       Summ           #.......     78%         1    ##.....
 Summon Small Mammal      Summ           #...         78%         1    ##.....
 Blink                    Tloc           N/A          89%         2    ###....
 Call Imp                 Summ           #.......     89%         2    ###....
 Corpse Rot               Necr/Air       N/A          89%         2    ###....
 Passwall                 Tmut/Erth      #.......     89%         2    ###....
 Poisonous Vapours        Pois/Air       #.....       89%         2    ###....
 Shroud of Golubria       Chrm/Tloc      #.....       89%         2    ###....
 Slow                     Hex            #.......     89%         2    ###....
 Song of Slaying          Chrm           #.......     89%         2    ###....
 Sticks to Snakes         Tmut           #.......     89%         2    ###....
 Swiftness                Chrm/Air       #.......     89%         2    ###....
 Call Canine Familiar     Summ           #.......     98%         3    ####...
 Confusing Touch          Hex            #.......     98%         3    ####...
 Conjure Flame            Conj/Fire      #.......     98%         3    ####...
 Gell's Gravitas          Tloc           #.........   98%         3    ####...
 Ignite Poison            Fire/Tmut/Pois #.......     98%         3    ####...
 Inner Flame              Hex/Fire       #.......     98%         3    ####...
 Lesser Beckoning         Tloc           #.........   98%         3    ####...
 Mephitic Cloud           Conj/Pois/Air  #.......     98%         3    ####...
 Ozocubu's Armour         Chrm/Ice       #.......     98%         3    ####...
 Portal Projectile        Hex/Tloc       #.....       98%         3    ####...
 Recall                   Summ/Tloc      N/A          98%         3    ####...
 Spectral Weapon          Hex/Chrm       #.......     98%         3    ####...
 Spider Form              Tmut/Pois      #.........   98%         3    ####...
 Summon Guardian Golem    Hex/Summ       #.......     98%         3    ####...
 Teleport Other           Tloc           #.......     98%         3    ####...
 Tukima's Dance           Hex            #.......     98%         3    ####...
 Vampiric Draining        Necr           #.........   98%         3    ####...
 Animate Dead             Necr           N/A          100%        4    #####..
 Cause Fear               Hex            #.........   100%        4    #####..
 Dispel Undead            Necr           #.......     100%        4    #####..
 Hailstorm                Conj/Ice       #.......     100%        4    #####..
 Ice Form                 Ice/Tmut       #.......     100%        4    #####..
 Leda's Liquefaction      Hex/Erth       #.........   100%        4    #####..
 Olgreb's Toxic Radiance  Pois           #.......     100%        4    #####..
 Passage of Golubria      Tloc           N/A          100%        4    #####..
 Petrify                  Tmut/Erth      #.......     100%        4    #####..
 Summon Ice Beast         Ice/Summ       #.......     100%        4    #####..
 Summon Lightning Spire   Summ/Air       #.......     100%        4    #####..
 Agony                    Necr           #.......     100%        5    ######.
 Alistair's Intoxication  Tmut/Pois      #.......     100%        5    ######.
 Aura of Abjuration       Summ           #.........   100%        5    ######.
 Blade Hands              Tmut           #.........   100%        5    ######.
 Borgnjor's Vile Clutch   Necr/Erth      #.........   100%        5    ######.
 Excruciating Wounds      Chrm/Necr      #.........   100%        5    ######.
 Fireball                 Conj/Fire      #.........   100%        5    ######.
 Lee's Rapid Deconstruct  Erth           #.........   100%        5    ######.
 Metabolic Englaciation   Hex/Ice        #.........   100%        5    ######.
 Summon Demon             Summ           #.........   100%        5    ######.
 Summon Forest            Summ/Tloc      #.........   100%        5    ######.
 Summon Mana Viper        Hex/Summ       #.......     100%        5    ######.
 Yara's Violent Unravell  Hex/Tmut       #.........   100%        5    ######.
 Conjure Ball Lightning   Conj/Air       #.........   100%        6    #######
 Darkness                 Hex            #.........   100%        6    #######
 Freezing Cloud           Conj/Ice/Air   #.........   100%        6    #######
 Invisibility             Hex            #.......     100%        6    #######
 Iron Shot                Conj/Erth      #.........   100%        6    #######
 Ozocubu's Refrigeration  Ice            #.........   100%        6    #######
 Shadow Creatures         Summ           N/A          100%        6    #######
 Simulacrum               Ice/Necr       #.........   100%        6    #######
 Starburst                Conj/Fire      #.........   100%        6    #######
 Haunt                    Necr/Summ      #.........   100%        7    #######
 Malign Gateway           Summ/Tloc      #.........   100%        7    #######
 Monstrous Menagerie      Summ           #.........   100%        7    #######
 Ring of Flames           Chrm/Fire      #.........   100%        7    #######
 Summon Greater Demon     Summ           #.........   100%        7    #######
 Borgnjor's Revivificati  Necr           #.........   100%        8    #######
 Chain Lightning          Conj/Air       #.........   100%        8    #######
 Controlled Blink         Tloc           N/A          100%        8    #######
 Death's Door             Chrm/Necr      #.........   100%        8    #######
 Ignition                 Fire           #.........   100%        8    #######
 Infestation              Necr           #.........   100%        8    #######
 Lehudib's Crystal Spear  Conj/Erth      #.........   100%        8    #######
 Necromutation            Tmut/Necr      #.........   100%        8    #######
 Summon Horrible Things   Summ           #.........   100%        8    #######
 Fire Storm               Conj/Fire      #.........   100%        9    #######
 Glaciate                 Conj/Ice       #.........   100%        9    #######
 Sublimation of Blood     Necr           Unusable     N/A         2    N/A

Dungeon Overview and Level Annotations

Branches:
Dungeon (15/15)            Temple (1/1) D:5            Lair (6/6) D:8
  Swamp (4/4) Lair:4        Snake (4/4) Lair:4        Slime (0/5) Lair:5
    Orc (2/2) D:11            Elf (3/3) Orc:2        Vaults (5/5) D:13
  Crypt (3/3) Vaults:3       Tomb (3/3) Crypt:3      Depths (0/5) D:15
Volcano (visited)          WizLab (visited)         Gauntlet (visited)

Altars:
Ashenzari
Cheibriados
Dithmenos
Elyvilon
Fedhas
Gozag
Hepliaklqana
Kikubaaqudgha
Makhleb
Nemelex Xobeh
Okawaru
Qazlal
Ru
Sif Muna
Trog
Uskayaw
Vehumet
Wu Jian
Xom
Yredelemnul
Zin
The Shining One
Beogh

Shops:
D:4 [   D:5 [   D:14 }%=(=   Orc:1 *(   Orc:2 [}(!   Elf:1 ?   Elf:3 (
Snake:4 *([(   Vaults:1 }   Vaults:2 ?   Vaults:3 =

Portals:
Trove: D:12 (show abyssal rune of Zot)

Annotations:
Tomb:3 Khufu


Innate Abilities, Weirdness & Mutations

You are resistant to torment.
Your stone body is resilient. (AC +20)
You are immune to poison.
Your large and strong wings let you fly indefinitely.
You resist negative energy. (rN+)
You are resistant to electric shocks. (rElec)
You can survive without breathing.
You are immune to petrification.
You are immune to rotting.
You have a somewhat thin skeletal structure. (Dex +2, Stealth)
You are agile. (Dex +2)
Your spells are a little harder to cast, but a little more powerful.


Message History

You feel as though you will be slow longer.
The jiangshi claws you but does no damage. x2
The greater mummy hits you but does no damage.
You hear a loud "Zot"!
The ancient champion casts a spell.
The ancient champion seems to speed up.
As you read the scroll of teleportation, it crumbles to dust.
You feel strangely unstable. The jiangshi barely misses you.
The jiangshi misses you.
The bennu's plumage briefly flares with an otherwordly flame.
The jiangshi misses you.
The jiangshi claws you but does no damage.
The ancient champion hits you with a +1 great mace of draining.
* * * LOW HITPOINT WARNING * * *
The greater mummy points at you and mumbles some strange words.
Something smites you!
* * * LOW HITPOINT WARNING * * *
Khufu casts a spell at you. Something smites you!
You die...

.......8................§....8...
.....bbs.8......8b....8..........
#....b....b.......s............##
###+####.$.b.(.........^####+###
#.....M))..s.....#
##...8..........##
##...M........## ##.Z..V{..^^##
##..Vz@W..## ##..zMs.##...
#...^..# ... #.^.M..#?...
#......#..)( +......M...
#...^..#M.. #^.....#... #§.§§..#
.


You could see Khufu, 4 greater mummies, 3 emperor scorpions, 3 bennus, an
ancient champion, a jiangshi, 4 ushabtiu, a freezing wraith, a spectral iron
dragon, a vampire, a mummy and a wight.

Vanquished Creatures
  Mennas (Crypt:1)
  Mara (Swamp:3)
  4 greater mummies
  Frederick (Crypt:1)
  Saint Roka (Vaults:1)
  A golden dragon (Vaults:5)
  Jory (Vaults:3)
  4 liches
  4 tentacled monstrosities
  Asterion (Snake:4)
  The ghost of Yga Pusyxe the Tortoise, an adept GrFi of Makhleb (Crypt:1)
  The ghost of Ugilubb the Tortoise, an adept GrFi of Makhleb (Crypt:1)
  A quicksilver dragon (Vaults:5)
  5 titans (Vaults:5)
  2 deep elf master archers (Elf:3)
  A deep elf blademaster (Elf:3)
  8 sphinxes
  Frances (Elf:1)
  A tentacled starspawn (Abyss:2)
  9 ancient champions
  An eldritch tentacle (WizLab)
  2 tengu reavers (Vaults:5)
  4 shadow dragons
  4 storm dragons
  A thorn hunter (Swamp:3)
  Kirke (Swamp:3)
  Donald (Snake:4)
  11 nagarajas
  6 revenants
  5 fire giants
  12 vault wardens
  An iron dragon (D:14)
  4 frost giants
  Louise (Snake:2)
  7 deep elf sorcerers
  8 ghouls
  8 deep elf elementalists
  3 war gargoyles (Vaults:5)
  18 ironheart preservers
  A reaper (Gauntlet)
  4 very ugly things
  12 stone giants
  An entropy weaver (Vaults:4)
  16 vampire knights
  9 deep elf annihilators
  2 deep elf demonologists (Elf:3)
  A red draconian (Volcano)
  A minotaur (Gauntlet)
  5 eidola
  8 ettins
  4 deep elf death magi (Elf:3)
  5 jiangshi
  4 fire dragons
  2 green deaths (Swamp:4)
  16 mummy priests
  A great orb of eyes (Vaults:3)
  8 deep elf high priests
  An ice dragon (Vaults:2)
  19 ogre magi
  4 rakshasas
  18 naga warriors
  18 hydras
  22 yaktaur captains
  33 vault guards
  3 shambling mangroves
  44 two-headed ogres
  7 death knights
  A ghost crab (Swamp:4)
  11 centaur warriors
  10 anacondas
  A titan zombie (Crypt:3)
  18 alligators
  Urug (Orc:2)
  2 deep troll earth magi
  13 death scarabs
  25 naga sharpshooters
  8 thrashing horrors
  2 tengu warriors (D:13)
  31 dancing weapons
  3 orc high priests
  4 shock serpents
  7 vampire magi
  Sonja (Lair:6)
  18 deep elf knights
  A soul eater (Crypt:3)
  A fire crab (shapeshifter) (Elf:1)
  A spatial maelstrom (Abyss:2)
  7 shadow wraiths
  2 salamander mystics
  5 flayed ghosts
  9 deep trolls
  56 skeletal warriors
  A wretched star (Abyss:2)
  A sixfirhy (WizLab)
  A storm dragon skeleton (Tomb:1)
  2 spriggan druids
  3 wizards
  8 swamp dragons
  13 deep elf archers
  10 naga ritualists
  5 unseen horrors
  An obsidian statue (WizLab)
  2 glowing orange brains (Vaults:3)
  A wolf spider zombie (Crypt:3)
  15 orc knights
  An anaconda skeleton (WizLab)
  30 phantasmal warriors
  18 ironbrand convokers
  20 harpies
  2 iron dragon zombies (Crypt:3)
  A lindwurm (Lair:6)
  5 manticores
  48 ugly things
  13 mana vipers
  4 wolf spiders
  A worldbinder (WizLab)
  An orc sorcerer (Orc:1)
  A stone giant zombie (Crypt:3)
  8 cyclopes
  A fire giant zombie (Crypt:3)
  An oklob plant (D:11)
  15 salamanders
  49 deep elf magi
  A faun (shapeshifter) (Vaults:5)
  A black mamba (shapeshifter) (Vaults:3)
  2 dire elephant zombies (Crypt:3)
  4 guardian serpents
  31 naga magi
  48 black mambas
  12 vault sentinels
  3 molten gargoyles (Lair:6)
  3 orange demons
  An ice statue (Gauntlet)
  5 elephants (Lair:4)
  A death yak zombie (Crypt:3)
  A spiny frog (shapeshifter) (Vaults:4)
  3 gargoyles
  20 spiny frogs
  2 rime drakes
  7 kobold demonologists
  40 yaktaurs
  A tormentor (Abyss:2)
  A catoblepas zombie (Crypt:3)
  A demonspawn skeleton (WizLab)
  The ghost of LostGamesStreakFreak the Cudgeler, a novice GrGl of Ru (D:5)
  9 freezing wraiths
  A white draconian zombie (Crypt:2)
  2 efreet
  7 komodo dragons
  25 guardian mummies
  2 hellwings
  An ancient zyme (WizLab)
  A tengu conjurer (D:10)
  A troll (shapeshifter) (D:12)
  16 trolls
  A polar bear (Lair:5)
  A red draconian skeleton (Crypt:2)
  A meliai (shapeshifter) (D:15)
  27 hornets
  10 tyrant leeches
  A wind drake (shapeshifter) (Elf:2)
  3 ettin zombies (Crypt:3)
  6 raiju
  A raiju (shapeshifter) (Vaults:4)
  14 bog bodies
  An alligator zombie (Crypt:1)
  An ice dragon skeleton (Crypt:2)
  A dream sheep (shapeshifter) (Vaults:5)
  6 hippogriffs
  A guardian serpent zombie (Crypt:1)
  30 blink frogs
  7 large abominations
  4 air elementals
  11 dream sheep
  2 water elementals
  19 slime creatures
  15 spriggans
  Sigmund (D:5)
  A black mamba skeleton (Crypt:1)
  16 wraiths
  3 ynoxinuls
  12 shadows
  16 flying skulls
  2 redbacks (Vaults:4)
  A basilisk (shapeshifter) (Elf:2)
  A wyvern (shapeshifter) (D:14)
  41 yaks
  2 tarantellas (shapeshifter)
  4 wyverns
  14 ushabtiu
  Eustachio (D:5)
  4 basilisks (Lair:6)
  A steam dragon (Lair:6)
  A fire bat (shapeshifter) (Vaults:3)
  A chaos spawn (Abyss:2)
  3 hogs (Swamp:3)
  8 fire elementals
  14 vampire mosquitoes
  A hungry ghost (D:11)
  4 golden eyes (Abyss:2)
  7 wargs
  Menkaure (D:7)
  4 spatial vortices
  Edmund (D:4)
  A faun zombie (Crypt:2)
  16 insubstantial wisps
  19 swamp worms
  2 acid dragons
  A deep troll skeleton (Crypt:2)
  Duvessa (D:4)
  A soldier ant (D:14)
  57 nagas
  8 porcupines
  11 water moccasins
  8 hell hounds
  A floating eye (shapeshifter) (Elf:2)
  2 merfolk skeletons
  6 sky beasts
  5 swamp drakes (Swamp:2)
  2 hornet zombies
  58 orc warriors
  2 black bears (shapeshifter) (Vaults:1)
  6 necrophages
  3 black bears
  4 ice beasts
  60 ogres
  4 phantoms
  13 boggarts
  A manticore skeleton (Tomb:3)
  4 wolves (Lair:5)
  The ghost of DEFE the Shield-Bearer, an amateur DsFi (D:4)
  10 centaurs
  2 hog zombies
  10 crocodiles
  4 big kobolds
  18 bullfrogs
  Dowan (D:4)
  5 earth elementals
  A komodo dragon skeleton (Crypt:1)
  3 scorpions
  5 small abominations
  A polar bear zombie (Crypt:3)
  8 killer bees
  5 wights (D:12)
  9 howler monkeys
  5 lava snakes (Lair:6)
  10 crimson imps
  6 centaur zombies
  2 quasits
  12 hounds
  9 centaur skeletons
  26 orc priests
  A gnoll shaman (D:9)
  8 jellies
  5 bullfrog skeletons
  4 iguanas
  Ijyb (D:4)
  17 orc wizards
  8 worker ants
  2 demigod zombies
  2 sky beast zombies
  A deep dwarf zombie (Crypt:1)
  An acid dragon skeleton (Crypt:2)
  2 demigod skeletons (Crypt:3)
  2 hound zombies
  28 mummies
  A hound skeleton (D:8)
  2 howler monkey zombies
  6 worker ant zombies
  13 adders
  17 gnolls
  A steam dragon skeleton (Crypt:1)
  4 shadow imps
  An ufetubus (Abyss:2)
  7 oozes
  An iguana zombie (Crypt:1)
  2 adder skeletons (D:3)
  An adder zombie (D:5)
  2 dart slugs
  2 worms
  5 leopard geckos
  128 orcs
  4 giant cockroaches
  9 goblins
  5 hobgoblins
  21 jackals
  17 kobolds
  7 quokkas
  2 ball pythons
  A ball python zombie (D:5)
  6 bats
  5 frilled lizards
  A hobgoblin zombie (Crypt:3)
  A jackal skeleton (D:3)
  2 jackal zombies
  A kobold skeleton (Tomb:3)
  2 leopard gecko skeletons
  A leopard gecko zombie (D:5)
  A quokka zombie (Crypt:3)
  7 rats
  A rat skeleton (Crypt:3)
  A rat zombie (Crypt:1)
  2 crawling corpses (Elf:3)
  A starspawn tentacle (Abyss:2)
2340 creatures vanquished.

Vanquished Creatures (others)
  A deep elf annihilator (Elf:3)
  2 deep elf knights (Elf:3)
  An unseen horror (D:15)
  A shadow (Swamp:3)
  3 humans
  6 nagas (Snake:4)
  3 ogres (Vaults:5)
  2 boggarts (Vaults:1)
  3 crawling corpses (Elf:3)
  A fungus (Lair:4)
  A lurking horror (Abyss:2)
  6 plants
  A starspawn tentacle (Abyss:2)
31 creatures vanquished.

Grand Total: 2371 creatures vanquished

Notes
Turn   | Place    | Note
-------+----------+-------------------------------------------
     0 | D:1      | Borgoz the Gargoyle Gladiator began the quest for the Orb.
     0 | D:1      | Reached XP level 1. HP: 12/12 MP: 1/1
    14 | D:1      | You fall into a shaft and drop 1 floor!
    30 | D:2      | Reached XP level 2. HP: 10/18 MP: 2/2
    54 | D:2      | Reached skill level 1 in Armour
   207 | D:2      | Reached XP level 3. HP: 20/22 MP: 3/3
   657 | D:1      | Reached XP level 4. HP: 27/28 MP: 4/4
  1549 | D:3      | Reached XP level 5. HP: 31/32 MP: 5/5
  1747 | D:3      | Reached skill level 4 in Maces & Flails
  1789 | D:3      | Reached XP level 6. HP: 38/38 MP: 6/6
  1912 | D:3      | Paralysed by a kobold for 7 turns
  1927 | D:3      | Paralysed by a kobold for 2 turns
  1934 | D:3      | Paralysed by a kobold for 3 turns
  2390 | D:4      | Got a warped bardiche
  2391 | D:4      | Identified the +8 bardiche "Goblinbane" {chop, rElec MR+
                  | Int+2 Stlth-} (You found it on level 4 of the Dungeon)
  2404 | D:4      | Found Myjih's Antique Armour Shoppe.
  2504 | D:4      | Reached XP level 7. HP: 41/44 MP: 7/7
  2511 | D:4      | Noticed Dowan
  2511 | D:4      | Noticed Ijyb
  2512 | D:4      | Noticed Duvessa
  2525 | D:4      | Killed Duvessa
  2530 | D:4      | Killed Dowan
  2538 | D:4      | Killed Ijyb
  2588 | D:4      | Found a large runed translucent door.
  2590 | D:4      | Found a large runed translucent door.
  2590 | D:4      | Noticed DEFE's ghost (amateur DsFi)
  2609 | D:4      | Killed DEFE's ghost
  2609 | D:4      | Reached skill level 5 in Fighting
  2609 | D:4      | Reached skill level 5 in Maces & Flails
  2769 | D:4      | Reached XP level 8. HP: 25/49 MP: 8/8
  3040 | D:4      | Noticed Edmund
  3047 | D:4      | Killed Edmund
  3063 | D:5      | Entered Level 5 of the Dungeon
  3066 | D:5      | Found Inlof's Armour Emporium.
  3111 | D:5      | Reached skill level 5 in Armour
  3123 | D:5      | Found a staircase to the Ecumenical Temple.
  3138 | Temple   | Entered the Ecumenical Temple
  3161 | Temple   | Became a worshipper of Warmaster Okawaru
  3593 | D:5      | Noticed Sigmund
  3598 | D:5      | Killed Sigmund
  3598 | D:5      | Reached skill level 6 in Maces & Flails
  3598 | D:5      | Reached skill level 5 in Dodging
  3629 | D:5      | Noticed Eustachio
  3638 | D:5      | Reached XP level 9. HP: 55/56 MP: 9/9
  3645 | D:5      | Killed Eustachio
  3645 | D:5      | Reached * piety under Okawaru
  3856 | D:5      | Found a runed translucent gate.
  3856 | D:5      | Found a runed translucent gate.
  3856 | D:5      | Found a runed translucent gate.
  3898 | D:5      | Noticed LostGamesStreakFreak's ghost (novice GrGl)
  4200 | D:6      | Found a transporter.
  4785 | D:6      | Found a transporter.
  4785 | D:6      | Found a sacrificial altar of Ru.
  4786 | D:6      | Noticed a death knight
  4835 | D:6      | Reached ** piety under Okawaru
  4890 | D:6      | Reached skill level 7 in Maces & Flails
  6112 | D:7      | Reached XP level 10. HP: 55/64 MP: 10/10
  6121 | D:7      | Reached *** piety under Okawaru
  6255 | D:7      | Noticed Menkaure
  6262 | D:7      | Killed Menkaure
  6505 | D:7      | Found a bloodstained altar of Trog.
  6741 | D:7      | Reached skill level 8 in Maces & Flails
  7366 | D:5      | Killed LostGamesStreakFreak's ghost
  7451 | D:6      | Killed a death knight
  7451 | D:6      | Reached **** piety under Okawaru
  7638 | D:8      | Found a snail-covered altar of Cheibriados.
  7672 | D:8      | Found a staircase to the Lair.
  7687 | D:8      | Reached ***** piety under Okawaru
  7870 | D:8      | Received a gift from Okawaru
  7910 | D:8      | Reached XP level 11. HP: 21/71 MP: 11/11
  8519 | D:9      | Reached skill level 9 in Maces & Flails
  9011 | D:9      | Found a roughly hewn altar of Beogh.
  9285 | D:10     | Entered Level 10 of the Dungeon
  9939 | D:10     | Noticed a two-headed ogre
  9971 | D:10     | Killed a two-headed ogre
  9971 | D:10     | Reached skill level 10 in Fighting
 10279 | D:10     | Noticed a two-headed ogre
 10296 | D:10     | Killed a two-headed ogre
 10314 | D:10     | Noticed a centaur warrior
 10317 | D:10     | Noticed a wizard
 10319 | D:10     | Noticed a two-headed ogre
 10324 | D:10     | Reached skill level 10 in Armour
 10336 | D:10     | Killed a centaur warrior
 10340 | D:10     | Killed a wizard
 10345 | D:10     | Killed a two-headed ogre
 10345 | D:10     | Reached skill level 10 in Maces & Flails
 10345 | D:10     | Reached XP level 12. HP: 58/79 MP: 12/12
 10468 | D:10     | Identified the ring "Zaidyzyi" {MR+ Int+7 Slay+3}
 10500 | D:10     | Received a gift from Okawaru
 10760 | D:10     | Found the +0 Maxwell's etheric cage {RegenMP+ *Contam rElec
                  | MP+4}
 10766 | D:10     | Got a flickering ruby amulet
 10784 | D:10     | Identified the amulet "Tisuming" {Inacc +Blink rF+ MP+9
                  | SInv} (You found it on level 10 of the Dungeon)
 11641 | D:11     | Reached skill level 1 in Invocations
 11680 | D:11     | Found a staircase to the Orcish Mines.
 11736 | D:11     | Got a dazzling chain mail
 11749 | D:11     | Identified the +7 chain mail of Hianay {rCorr} (You found
                  | it on level 11 of the Dungeon)
 11783 | D:11     | Found a sparkling altar of Nemelex Xobeh.
 12225 | D:11     | Received a gift from Okawaru
 12813 | D:12     | Found a portal to a secret trove of treasure.
 13090 | D:12     | Noticed a soul eater
 13098 | D:11     | HP: 3/80 [smoke demon/divine providence[a kobold
                  | demonologist] (14)]
 13503 | D:12     | Reached skill level 11 in Maces & Flails
 13676 | D:12     | Noticed a centaur warrior
 13691 | D:12     | Killed a centaur warrior
 13691 | D:12     | Reached XP level 13. HP: 69/85 MP: 14/16
 13722 | D:12     | Identified the Papyrus of Unstable Toxins
 13848 | D:12     | Reached ****** piety under Okawaru
 13848 | D:12     | Received a gift from Okawaru
 13896 | D:12     | Found a shimmering altar of Xom.
 14258 | D:13     | Found a gate leading to a gauntlet.
 14269 | Gauntlet | Entered a Gauntlet
 14269 | Gauntlet | Found a transporter.
 14276 | Gauntlet | Found a transporter.
 14278 | Gauntlet | Found a transporter.
 14287 | Gauntlet | Found a transporter.
 14289 | Gauntlet | Found a transporter.
 14299 | Gauntlet | Found a transporter.
 14317 | Gauntlet | Found a transporter.
 14318 | Gauntlet | Noticed a reaper
 14328 | Gauntlet | Found a transporter.
 14338 | Gauntlet | Found a transporter.
 14352 | Gauntlet | Found a transporter.
 14369 | Gauntlet | Found a transporter.
 14369 | Gauntlet | Found a transporter.
 14416 | Gauntlet | Found a transporter.
 14430 | Gauntlet | Found a transporter.
 14760 | Gauntlet | Killed a reaper
 14961 | Gauntlet | Got a brightly glowing helmet
 14972 | Gauntlet | Identified the +0 helmet of Xeggasos {rPois MP+9 Str+3
                  | Int+5} (You found it in a Gauntlet)
 14983 | Gauntlet | Identified the +5 rapier of Ruination {holy, rPois rF+
                  | Dex+3}
 14983 | Gauntlet | Identified the +6 arbalest of Rewn {penet, rElec Dex-4 SInv
                  | Stlth+}
 14983 | Gauntlet | Noticed a minotaur
 15000 | Gauntlet | Killed a minotaur
 15007 | Gauntlet | Identified Luataw's Reference Book on the Dislocated
                  | Glacier
 15511 | D:13     | Noticed a vault guard
 15683 | D:13     | Noticed a vault guard
 15757 | D:13     | Received a gift from Okawaru
 15855 | D:13     | Reached skill level 10 in Dodging
 16430 | D:13     | Noticed a vault guard
 16430 | D:13     | Noticed an ogre mage
 16441 | D:13     | Killed an ogre mage
 16455 | D:13     | Killed a vault guard
 16511 | D:13     | Killed a vault guard
 16530 | D:13     | Found a gate to the Vaults.
 16530 | D:13     | Noticed a vault guard
 16540 | D:13     | Killed a vault guard
 16555 | D:13     | Reached skill level 12 in Maces & Flails
 16822 | D:13     | Killed a vault guard
 16822 | D:13     | Gained mutation: Your large and strong wings let you fly
                  | indefinitely. [Gargoyle growth]
 16822 | D:13     | Reached XP level 14. HP: 54/92 MP: 17/17
 16924 | D:14     | Found a large runed translucent door.
 16940 | D:14     | Found a large runed translucent door.
 16944 | D:14     | Received a gift from Okawaru
 17156 | D:14     | Found Gofuergh's Gadget Shop.
 17224 | D:14     | Found Foto's Jewellery Shoppe.
 17469 | D:14     | Found Guenuesk's Jewellery Shop.
 17492 | D:14     | Received a gift from Okawaru
 17591 | D:14     | Found Siweqoti's Antique Weapon Emporium.
 17626 | D:14     | Found Jaebroso's Food Shop.
 17840 | D:15     | Entered Level 15 of the Dungeon
 19654 | D:15     | Received a gift from Okawaru
 19949 | D:15     | Found a staircase to the Depths.
 19949 | D:15     | Noticed a frost giant
 19960 | D:15     | Killed a frost giant
 20287 | Lair:1   | Entered Level 1 of the Lair of Beasts
 20961 | Lair:2   | Reached skill level 13 in Maces & Flails
 21330 | Lair:2   | Reached XP level 15. HP: 96/100 MP: 18/18
 21593 | Lair:2   | Received a gift from Okawaru
 21973 | Lair:3   | Found a dark tunnel.
 21992 | Volcano  | Entered a volcano
 22028 | Volcano  | Found a burning altar of Makhleb.
 22677 | Lair:4   | Found a staircase to the Swamp.
 22921 | Lair:4   | Found a staircase to the Snake Pit.
 23547 | Lair:5   | Found a staircase to the Slime Pits.
 24174 | Lair:6   | Entered Level 6 of the Lair of Beasts
 24404 | Lair:6   | Identified a scroll of acquirement
 24414 | Lair:6   | Identified the +0 pair of gloves of the Ban {Int+3} (You
                  | acquired it on level 6 of the Lair of Beasts)
 24532 | Lair:6   | Noticed Sonja
 24845 | Lair:6   | Received a gift from Okawaru
 25222 | Lair:6   | Found a large runed translucent door.
 25223 | Lair:6   | Found a large runed translucent door.
 25479 | Lair:6   | Killed Sonja
 25591 | Lair:6   | Received a gift from Okawaru
 25594 | Lair:6   | Got a pair of faintly glowing boots {god gift}
 25605 | Lair:6   | Identified the +1 pair of boots "Fecogac" {+Fly rN+ Dex+5
                  | Slay+3} (Okawaru gifted it to you on level 6 of the Lair of
                  | Beasts)
 25910 | Orc:1    | Entered Level 1 of the Orcish Mines
 25913 | Orc:1    | Found Ikiokki's General Store.
 25977 | Orc:1    | Reached XP level 16. HP: 107/107 MP: 19/19
 26101 | Orc:1    | Reached skill level 14 in Maces & Flails
 26127 | Orc:1    | Reached skill level 15 in Fighting
 26453 | Orc:2    | Entered Level 2 of the Orcish Mines
 26505 | Orc:2    | Noticed Urug
 26820 | Orc:1    | Reached skill level 15 in Armour
 27041 | Orc:2    | Killed Urug
 27175 | Orc:2    | Found a staircase to the Elven Halls.
 27233 | Orc:1    | Found Sophopho's Antique Weapon Boutique.
 27486 | Orc:2    | Found Keseeth's Gadget Emporium.
 27489 | Orc:2    | Found Memes's Distillery.
 27496 | Orc:2    | Found Toner's Antique Armour Shoppe.
 27497 | Orc:2    | Found Ifeabem's Antique Weapon Emporium.
 28032 | D:14     | Found a snail-covered altar of Cheibriados.
 28049 | D:14     | Found a shimmering blue altar of Sif Muna.
 28297 | Swamp:1  | Entered Level 1 of the Swamp
 28873 | Swamp:1  | Found a transporter.
 28892 | Swamp:1  | Found a transporter.
 29263 | Swamp:2  | Received a gift from Okawaru
 29428 | Swamp:2  | Reached XP level 17. HP: 96/115 MP: 20/20
 30049 | Swamp:3  | Reached skill level 15 in Maces & Flails
 30906 | Swamp:4  | Entered Level 4 of the Swamp
 30906 | Swamp:4  | Noticed Mara
 30916 | Swamp:3  | Noticed Borgoz's illusion
 30934 | Swamp:3  | Killed Mara
 30934 | Swamp:3  | Received a gift from Okawaru
 31166 | Swamp:4  | Noticed Kirke
 31401 | Swamp:3  | Killed Kirke
 32966 | Swamp:4  | Noticed a tentacled monstrosity
 32990 | Swamp:4  | Killed a tentacled monstrosity
 32990 | Swamp:4  | Reached XP level 18. HP: 86/122 MP: 21/21
 33267 | Swamp:4  | Received a gift from Okawaru
 33268 | Swamp:4  | Got an iridescent mace {god gift}
 33275 | Swamp:4  | Identified the +1 mace "Demonslayer" {speed, +Rage rF-
                  | Dex+5} (Okawaru gifted it to you on level 4 of the Swamp)
 33280 | Swamp:4  | Got a decaying rune of Zot
 33306 | Swamp:4  | Got a translucent mace
 33307 | Swamp:4  | Identified the +10 mace "Doen Byi" {vamp, rF++ Str+2 Int-5
                  | Dex+2} (You found it on level 4 of the Swamp)
 33687 | Orc:2    | Bought a crude buckler for 323 gold pieces
 33692 | Orc:2    | Identified the cursed +0 buckler of Mezcal {rElec rF- rCorr
                  | Dex-4} (You bought it in a shop on level 2 of the Orcish
                  | Mines)
 33896 | D:5      | Bought the cursed +0 large shield "Asijics" {rPois rC++
                  | MP-9 Str+4} for 236 gold pieces
 34122 | D:14     | Bought the ring of Wutu {rElec rPois rCorr Dex+5} for 827
                  | gold pieces
 34124 | D:14     | Bought an uncursed amulet of guardian spirit for 510 gold
                  | pieces
 34418 | Orc:1    | Bought a scroll of acquirement for 728 gold pieces
 34418 | Orc:1    | Bought a scroll of enchant weapon for 105 gold pieces
 34418 | Orc:1    | Identified a +1 pair of boots of running (You acquired it
                  | on level 1 of the Orcish Mines)
 34418 | Orc:1    | Identified the ring of Uroremah {rC+ rN+} (You acquired it
                  | on level 1 of the Orcish Mines)
 34625 | Snake:1  | Entered Level 1 of the Snake Pit
 35206 | Snake:1  | Reached skill level 16 in Maces & Flails
 35838 | Snake:2  | Noticed Louise
 35859 | Snake:2  | Killed Louise
 36010 | Snake:2  | Received a gift from Okawaru
 36013 | Snake:2  | Got a polished ring mail {god gift}
 36024 | Snake:2  | Identified the +4 ring mail of the Hills {-Cast rElec rC+++
                  | Dex-4} (Okawaru gifted it to you on level 2 of the Snake
                  | Pit)
 37191 | Snake:3  | Received a gift from Okawaru
 37367 | Snake:3  | Found a glowing golden altar of the Shining One.
 37444 | Snake:4  | Entered Level 4 of the Snake Pit
 37444 | Snake:4  | Found Waopun's Assorted Antiques.
 37448 | Snake:4  | Bought a square amethyst amulet for 120 gold pieces
 37448 | Snake:4  | Bought a scroll of identify for 48 gold pieces
 37448 | Snake:4  | Bought a scroll of teleportation for 72 gold pieces
 37464 | Snake:4  | Got a dazzling long sword
 37465 | Snake:4  | Identified the cursed +1 long sword of the Genius {slice,
                  | Str+8} (You found it on level 4 of the Snake Pit)
 37578 | Snake:4  | Found Dauphoi's Armour Shop.
 37588 | Snake:4  | Reached XP level 19. HP: 128/128 MP: 22/22
 37597 | Snake:4  | Noticed Asterion
 37635 | Snake:4  | Killed Asterion
 37852 | Snake:4  | Received a gift from Okawaru
 37866 | Snake:4  | Reached skill level 17 in Maces & Flails
 37876 | Snake:4  | Got an ichor-stained fustibalus {god gift}
 37905 | Snake:4  | Found Duineomm's Weapon Shoppe.
 38350 | Snake:4  | Noticed Donald
 38377 | Snake:4  | Killed Donald
 38409 | Snake:4  | Received a gift from Okawaru
 38489 | Snake:4  | Reached skill level 15 in Dodging
 38660 | Snake:4  | Received a gift from Okawaru
 38679 | Snake:4  | Received a gift from Okawaru
 38859 | Snake:4  | Found Hydietax's Weapon Shoppe.
 38923 | Snake:4  | Got a serpentine rune of Zot
 39414 | Vaults:1 | Entered Level 1 of the Vaults
 39587 | Vaults:1 | Reached skill level 5 in Invocations
 39613 | Vaults:1 | Reached XP level 20. HP: 136/136 MP: 23/23
 39680 | Vaults:1 | Reached skill level 1 in Evocations
 39689 | Vaults:1 | Found a magical portal.
 39703 | WizLab   | Found a transporter.
 39709 | WizLab   | Found a corrupted altar of Lugonu.
 39710 | WizLab   | Found the +1 cloak of Starlight {rElec rC+ EV+4 Stlth--}
 39742 | WizLab   | Found a transporter.
 39763 | WizLab   | Found a corrupted altar of Lugonu.
 39803 | WizLab   | Found a transporter.
 39832 | WizLab   | Found a transporter.
 39839 | WizLab   | Found a transporter.
 39852 | WizLab   | Found a transporter.
 39884 | WizLab   | Found a transporter.
 39886 | WizLab   | Found a transporter.
 39981 | WizLab   | Found a transporter.
 40018 | WizLab   | Found a transporter.
 40055 | WizLab   | Found a transporter.
 40105 | WizLab   | Found a transporter.
 40197 | WizLab   | Found a transporter.
 40236 | WizLab   | Got a twitching lapis lazuli ring
 40245 | WizLab   | Got a heavily runed cloak
 40272 | WizLab   | Identified the ring "Diedd" {+Fly Int+2 SInv Stlth-} (You
                  | found it in a wizard's laboratory)
 40273 | WizLab   | Identified the +1 cloak of the Valley {rPois Dex+3} (You
                  | found it in a wizard's laboratory)
 40379 | WizLab   | Identified Taegiefi's Volume of the Traveller
 40386 | WizLab   | Found a transporter.
 40446 | WizLab   | Found a transporter.
 40446 | WizLab   | Found a transporter.
 40508 | WizLab   | Found a transporter.
 40508 | WizLab   | Found a transporter.
 40562 | WizLab   | Found a transporter.
 40562 | WizLab   | Found a transporter.
 40609 | WizLab   | Received a gift from Okawaru
 40697 | WizLab   | Cast into level 2 of the Abyss (wizard)
 40713 | WizLab   | Escaped the Abyss
 40875 | Vaults:1 | Reached skill level 18 in Maces & Flails
 41077 | Vaults:1 | Found Ceiclat's Gadget Shop.
 41151 | Vaults:1 | Noticed Saint Roka
 41192 | Vaults:1 | Killed Saint Roka
 41728 | Vaults:1 | Received a gift from Okawaru
 41788 | Vaults:1 | Got a fine buckler {god gift}
 41794 | Vaults:1 | Identified the +1 buckler "Addef" {rC+ Dex+3 Slay-2}
                  | (Okawaru gifted it to you on level 1 of the Vaults)
 43173 | Vaults:2 | Reached XP level 21. HP: 124/142 MP: 26/26
 43571 | Vaults:2 | Received a gift from Okawaru
 43603 | Vaults:2 | Got an iridescent hunting sling {god gift}
 43625 | Vaults:2 | Found Zaluteny's Magic Scroll Emporium.
 43633 | Vaults:2 | Bought a scroll of blinking for 97 gold pieces
 43634 | Vaults:2 | Bought a scroll of brand weapon for 260 gold pieces
 43828 | Vaults:3 | Noticed Jory
 43856 | Vaults:3 | Killed Jory
 43971 | Vaults:3 | Found a staircase to the Crypt.
 43971 | Vaults:3 | Found a basalt altar of Yredelemnul.
 43972 | Vaults:3 | Found an ancient bone altar of Kikubaaqudgha.
 44500 | Vaults:3 | Received a gift from Okawaru
 44506 | Vaults:3 | Got a spiked plate armour {god gift}
 44784 | Lair:1   | Identified the +7 plate armour of Greed {rPois rN++ MR-
                  | Int+4} (Okawaru gifted it to you on level 3 of the Vaults)
 45522 | Vaults:3 | Found Bejikhlodgh's Jewellery Emporium.
 45889 | Vaults:3 | Reached skill level 5 in Evocations
 45950 | Vaults:3 | Reached skill level 19 in Maces & Flails
 46772 | Vaults:4 | Reached XP level 22. HP: 144/148 MP: 28/28
 47035 | Vaults:4 | Identified the ring "Ijoudor" {*Slow MP+9 Str+6 Stlth+}
                  | (You acquired it on level 4 of the Vaults)
 47365 | Vaults:5 | Entered Level 5 of the Vaults
 47404 | Vaults:4 | Received a gift from Okawaru
 47496 | Vaults:4 | Got an encrusted scale mail {god gift}
 47507 | Vaults:4 | Identified the +0 scale mail of Life {rN+} (Okawaru gifted
                  | it to you on level 4 of the Vaults)
 48059 | Vaults:5 | Noticed a golden dragon
 48103 | Vaults:5 | Killed a golden dragon
 48226 | Vaults:5 | Reached skill level 20 in Maces & Flails
 48248 | Vaults:5 | Received a gift from Okawaru
 48272 | Vaults:5 | Got a creamy pearl robe {god gift}
 48556 | Vaults:5 | Got a heavily runed leather armour
 48567 | Vaults:5 | Identified the cursed +0 leather armour of Gikeupt {rC+++
                  | MR++ Dex-5} (You found it on level 5 of the Vaults)
 48578 | Vaults:5 | Identified the +1 robe of the Lotus Blossom {rF- rCorr
                  | Str+2} (Okawaru gifted it to you on level 5 of the Vaults)
 48664 | Vaults:5 | Reached XP level 23. HP: 155/155 MP: 29/29
 48729 | Vaults:5 | Got a pair of translucent gloves
 48740 | Vaults:5 | Identified the +0 pair of gloves of the Dungeon {rF- rN++
                  | Str+7} (You found it on level 5 of the Vaults)
 48996 | Vaults:5 | Gained mutation: Your body sometimes deteriorates upon
                  | taking damage. [a shining eye]
 49202 | Vaults:5 | Got a silver rune of Zot
 49248 | Vaults:5 | Received a gift from Okawaru
 49444 | Vaults:5 | Received a gift from Okawaru
 49540 | Vaults:5 | Lost mutation: Your body sometimes deteriorates upon taking
                  | damage. [potion of mutation]
 49540 | Vaults:5 | Gained mutation: You have sharp toenails. [potion of
                  | mutation]
 49540 | Vaults:5 | Gained mutation: You have a somewhat thin skeletal
                  | structure. (Dex +2, Stealth) [potion of mutation]
 49568 | Vaults:5 | Received a gift from Okawaru
 49573 | Vaults:5 | Got a pair of twisted gloves {god gift}
 49897 | Lair:1   | Identified the +0 pair of gloves of the Ward {MR+ Str-5
                  | Int+3 Stlth+} (Okawaru gifted it to you on level 5 of the
                  | Vaults)
 50595 | Vaults:5 | Got an ichor-stained quarterstaff
 50636 | Vaults:5 | Identified the +3 quarterstaff of Distraction {crush, MP+9}
                  | (You found it on level 5 of the Vaults)
 51346 | Elf:1    | Entered Level 1 of the Elven Halls
 51423 | Elf:1    | Noticed Frances
 51439 | Elf:1    | Killed Frances
 52258 | Elf:1    | Found Zar Zyag's Magic Scroll Shop.
 52270 | Elf:1    | Bought a scroll of blinking for 120 gold pieces
 52270 | Elf:1    | Bought a scroll of holy word for 120 gold pieces
 52270 | Elf:1    | Bought a scroll of summoning for 152 gold pieces
 52354 | Elf:1    | Reached skill level 21 in Maces & Flails
 53074 | Elf:2    | Reached XP level 24. HP: 163/163 MP: 29/29
 53305 | Elf:2    | Found a runed translucent gate.
 53305 | Elf:2    | Found a runed translucent gate.
 53305 | Elf:2    | Found a runed translucent gate.
 54073 | Elf:3    | Entered Level 3 of the Elven Halls
 54130 | Elf:3    | Received a gift from Okawaru
 54372 | Elf:3    | Gained mutation: Potions are less effective at restoring
                  | your health. [a cacodemon]
 54629 | Elf:3    | Identified the +1 leather armour of Lol Wanwoicw {Dex+4
                  | Slay+3}
 54630 | Elf:3    | Identified the cursed +0 ice dragon scales of Guokaq {rF-
                  | rC++ rN+ MP-9 Dex+4}
 54634 | Elf:3    | Identified the cursed +3 rapier "Quif Xenk" {antimagic,
                  | Str+4 Int+2}
 54636 | Elf:3    | Identified the +4 spear of Vifal {freeze, MP+9}
 54642 | Elf:3    | Cast into level 2 of the Abyss (a deep elf sorcerer)
 54642 | Abyss:2  | Found a corrupted altar of Lugonu.
 55205 | Elf:3    | Escaped the Abyss
 55546 | Elf:3    | Found Zirpha's Weapon Shop.
 55917 | Elf:3    | Identified the amulet of Vuompecoy {Reflect MR+ Int+2 SH+3}
 55939 | Elf:3    | Identified the +5 glaive of Imbalance {chop, Dex+2}
 56250 | Elf:3    | Identified the Volume of Supportive Conjuration
 56600 | Elf:1    | Bought a scroll of fear for 56 gold pieces
 56600 | Elf:1    | Bought a scroll of teleportation for 48 gold pieces
 56600 | Elf:1    | Bought a scroll of magic mapping for 56 gold pieces
 56600 | Elf:1    | Bought a scroll of fear for 56 gold pieces
 56600 | Elf:1    | Bought a scroll of teleportation for 48 gold pieces
 56721 | Orc:2    | Bought a potion of berserk rage for 75 gold pieces
 56721 | Orc:2    | Bought a potion of resistance for 150 gold pieces
 56721 | Orc:2    | Bought 2 potions of ambrosia for 240 gold pieces
 56721 | Orc:2    | Bought 2 potions of might for 120 gold pieces
 57090 | Vaults:3 | Bought the amulet "Xafetu" {rF+ rC+ MR- Regen+ Stlth+} for
                  | 1041 gold pieces
 57722 | Crypt:1  | Entered Level 1 of the Crypt
 57722 | Crypt:1  | Noticed Frederick
 57739 | Crypt:1  | Killed Frederick
 57739 | Crypt:1  | Received a gift from Okawaru
 57986 | Crypt:1  | Reached skill level 1 in Shields
 58151 | Crypt:1  | Reached XP level 25. HP: 168/169 MP: 29/29
 58189 | Crypt:1  | Found a runed translucent gate.
 58189 | Crypt:1  | Found a runed translucent gate.
 58190 | Crypt:1  | Found a runed translucent gate.
 58205 | Crypt:1  | Paralysed by a vampire knight for 6 turns
 58255 | Crypt:1  | Reached skill level 22 in Maces & Flails
 58605 | Crypt:1  | Noticed Yga Pusyxe's ghost (adept GrFi)
 58606 | Crypt:1  | Noticed Ugilubb's ghost (adept GrFi)
 58642 | Crypt:1  | Killed Ugilubb's ghost
 58664 | Crypt:1  | Killed Yga Pusyxe's ghost
 58673 | Crypt:1  | Got a pair of scorched gloves
 58686 | Crypt:1  | Identified the +0 pair of gloves "Kerphup" {rElec rC-
                  | Str+7} (You found it on level 1 of the Crypt)
 58743 | Crypt:2  | Noticed Mennas
 58800 | Crypt:1  | Killed Mennas
 59024 | Crypt:2  | Received a gift from Okawaru
 59241 | Crypt:2  | Reached skill level 5 in Shields
 59507 | Crypt:3  | Entered Level 3 of the Crypt
 59837 | Crypt:3  | Found a staircase to the Tomb.
 60023 | Crypt:3  | Paralysed by a vampire knight for 4 turns
 60096 | Crypt:3  | Paralysed by a vampire knight for 6 turns
 60175 | Crypt:3  | Found a basalt altar of Yredelemnul.
 60235 | Crypt:3  | Paralysed by a vampire knight for 7 turns
 60282 | Crypt:3  | Identified Cigotuvi's Almanac of Evil Rituals
 60595 | Crypt:3  | Received a gift from Okawaru
 61140 | Lair:1   | Lost mutation: Potions are less effective at restoring your
                  | health. [potion of mutation]
 61140 | Lair:1   | Lost mutation: You have sharp toenails. [potion of
                  | mutation]
 61140 | Lair:1   | Gained mutation: You are agile. (Dex +2) [potion of
                  | mutation]
 61140 | Lair:1   | Gained mutation: Your spells are a little harder to cast,
                  | but a little more powerful. [potion of mutation]
 61552 | Tomb:1   | Entered Level 1 of the Tomb of the Ancients
 61677 | Tomb:1   | Reached XP level 26. HP: 164/177 MP: 29/29
 63198 | Tomb:1   | Got a brightly glowing plate armour
 63209 | Tomb:1   | Identified the +0 plate armour of Okuso {rC+} (You found it
                  | on level 1 of the Tomb of the Ancients)
 63226 | Tomb:1   | Noticed a greater mummy
 63235 | Tomb:1   | Killed a greater mummy
 63285 | Tomb:1   | Noticed a greater mummy
 63296 | Tomb:1   | Killed a greater mummy
 63296 | Tomb:1   | Received a gift from Okawaru
 63329 | Tomb:1   | Noticed a greater mummy
 63344 | Tomb:1   | Killed a greater mummy
 63827 | Tomb:2   | Noticed a greater mummy
 63835 | Tomb:2   | Noticed a greater mummy
 63842 | Tomb:2   | Noticed a greater mummy
 63848 | Tomb:2   | Killed a greater mummy
 63849 | Tomb:2   | Noticed a greater mummy
 64337 | Tomb:3   | Entered Level 3 of the Tomb of the Ancients
 64365 | Tomb:3   | Noticed a greater mummy
 64366 | Tomb:3   | Noticed Khufu
 64374 | Tomb:3   | Noticed a greater mummy
 64378 | Tomb:3   | Noticed a greater mummy
 64390 | Tomb:3   | Noticed a greater mummy
 64415 | Tomb:3   | HP: 7/179 [greater mummy/divine providence (16)]
 64415 | Tomb:3   | Killed from afar by Khufu

Levels and vault maps discovered:
D:1:      minmay_arrival_checkered_box, layout_rooms
D:2:      layout_rooms
D:3:      layout_loops_ring, serial_undead, serial_undead_d, serial_undead_f,
          serial_undead_b, serial_undead_c, serial_undead_a
D:4:      minmay_spotlight, layout_rooms, first_ration, serial_shops,
          shop_statue, ebering_ghost_disaster_area, uniq_duvessa, uniq_ijyb,
          uniq_edmund
D:5:      layout_loops_ring, temple_hall, gammafunk_ghost_necromancy,
          serial_shops, shop, uniq_eustachio, uniq_sigmund
D:6:      lemuel_ice_spiral_2, layout_basic, gammafunk_temple_overflow_arena,
          grunt_decor_fettered, chequers_serial_rivers_large_a
D:7:      layout_layer_cave, the_bakery, trog_ov_bears_minmay, uniq_menkaure
D:8:      layout_rooms, dpeg_oklobed_lair, special_room [special_room_orc],
          basic_altar
D:9:      layout_basic, special_room [special_room_orc]
D:10:     minmay_the_grid_octo_tiled_octocenter
          [minmay_the_grid_octo_checkerflower,
          minmay_the_grid_octo_tetromino_candy, minmay_the_grid_octo_checkered,
          minmay_the_grid_octo_focus, minmay_the_grid_octo_prize_star,
          minmay_the_grid_square_5x5_hourglass,
          minmay_the_grid_square_5x5_spiral_small,
          minmay_the_grid_square_5x5_mess, minmay_the_grid_square_5x5_shrine2],
          layout_layer_cave
D:11:     layout_basic, orc_0_dummy, lemuel_oklob_altar
D:12:     minmay_wavy_crystal, layout_loops_ring, enter_trove_0,
          lemuel_tele_altar
D:13:     layout_loops_cross, grunt_vaults_entry_fortified,
          gauntlet_entry_generic
D:14:     layout_loops_ring, chequers_serial_rivers_marsh, serial_shops,
          nicolae_shop_stone, kennysheep_little_box,
          nicolae_shop_temple_entry_statues_fountains, shop,
          nicolae_shop_behind_doors, jmf_multi_god_temple2
D:15:     grunt_enter_depths_snipers, layout_long_grid, serial_co_window_serial,
          co_window_paths_a, co_window_corner_a, co_window_paths_a,
          co_window_corner_a, co_window_corner_a, co_window_corner_ca,
          co_window_of_opportunity_c, co_window_paths_c, co_window_paths_c,
          co_window_2corner, co_window_corner_ca, co_window_unsneaky_path_a,
          co_window_sun, glass_columns_a, glass_columns_a, glass_columns_a,
          minivault_28
Temple:   regret_index_temple_sigil_plot
Lair:1:   layout_chaotic_city, grunt_megastairs_1
Lair:2:   layout_loops_ring, grunt_forest_large_clearing_hut
Lair:3:   layout_concentric_octagons, nicolae_volcano_entry_hallway,
          lemuel_fruit_tree, grunt_megastairs_5
Lair:4:   layout_loops_ring, swamp_mist_pool, guppyfry_snake_entry_island
Lair:5:   layout_regular_city, nicolae_slime_entry_slimehenge
Lair:6:   cheibrodos_lair_end_hotspot, layout_gridlike, uniq_sonja
Swamp:1:  gammafunk_the_bubble [the_bubble_gammafunk_plus_minus],
          layout_falls_marsh, evilmike_swamp_ruin_rubble_1, swamp_pool1,
          nicolae_swamp_very_dense_foliage
Swamp:2:  layout_basic_swamp, serial_swamp_ruin, evilmike_swamp_ruin_house_1,
          evilmike_swamp_ruin_house_4, evilmike_swamp_ruin_house_2, swamp_pool5
Swamp:3:  layout_basic_swamp, evilmike_swamp_ruin_house_3
Swamp:4:  swamp_vile, layout_basic_swamp, uniq_kirke, uniq_mara
Snake:1:  layout_chambers
Snake:2:  layout_onion_interference, uniq_louise
Snake:3:  layout_honeycomb, basic_altar, st_stairs_14, grunt_ministairs_12
Snake:4:  snake_pit, layout_cave_town, serial_shops, nicolae_shop_behind_doors,
          shop, shop, shop, uniq_donald, uniq_asterion
Orc:1:    layout_caves, serial_shops, nicolae_shop_statue_plus, shop_fountains
Orc:2:    st_orc_open, layout_diamond_mine, uniq_urug
Elf:1:    layout_loops_corners, serial_shops, nicolae_shop_behind_doors,
          evilmike_minifort, nrook_mini_backslash, minmay_misc_feat_ornament,
          uniq_frances
Elf:2:    layout_geoelf_grid
Elf:3:    minmay_elf_hall_spiked, layout_loops_corners, serial_shops, shop
Vaults:1: hangedman_vaults_slice, vaults_room_pool, ontoclasm_vaults_ligature,
          ontoclasm_vaults_ring_large, dpeg_vaults_monster_box, v_misc_26,
          vaults_room_stairs_pillars, ontoclasm_vaults_twist,
          hangedman_vaults_cutoff, nicolae_vaults_mini_display_case,
          vaults_dpeg_diagonal, special_room_vaults [special_room_orc],
          v_misc_2, ontoclasm_vaults_pinch, ontoclasm_vaults_loading_screen,
          layout_vaults_omnibox, infiniplex_enter_wizlab_water, serial_shops,
          nicolae_shop_behind_doors, uniq_saint_roka
Vaults:2: hangedman_vaults_cutoff, vaults_room_grid, nicolae_vaults_network_s,
          v_alt_pattern_1, nicolae_vaults_murderbox, grunt_vaults_hallway_short,
          ontoclasm_vaults_eye, nicolae_vaults_rhombus_6, vaults_dpeg_hooks,
          layout_vaults_omnigrid, serial_shops, shop_statue
Vaults:3: nicolae_vaults_twisting_passages, nicolae_vaults_quartermaster,
          minmay_crypt_entry_necro_gods, vaults_mumra_hex,
          ontoclasm_vaults_fault, grunt_vaults_swirl, v_misc_33,
          vaults_room_large_hall, v_misc_26, layout_vaults_omnicross,
          serial_shops, shop, uniq_jory
Vaults:4: nicolae_vaults_shelves_hall, v_misc_9, vaults_room_fours, v_misc_30,
          nicolae_vaults_disjoint_gnomons, nicolae_vaults_circle_grid_a,
          nicolae_vaults_fighting_squares, ontoclasm_vaults_ring_square,
          v_misc_27, layout_vaults_maze_snakey
Vaults:5
Crypt:1:  layout_misc_corridors, gammafunk_ghost_cemetery, uniq_frederick
Crypt:2:  layout_misc_corridors, uniq_mennas
Crypt:3:  church_of_pain_bobbens, layout_chaotic_city
Tomb:1
Tomb:2
Tomb:3

Skill      XL: |  1  2  3  4  5  6  7  8  9 10 11 12 13 14 15 16 17 18 19 20 21 22 23 24 25 26 |
---------------+-------------------------------------------------------------------------------+-----
Armour         | 1 2 3 4 5 7 8 10 11 12 13 14 15 16 17 18 19 20 21 | 21.7
Fighting       | 3 4 5 6 7 9 10 11 12 13 14 15 16 17 18 19 20 21 | 21.8
Dodging        | 3 4 5 6 7 8 9 10 11 12 13 14 15 16 17 18 19 | 19.8
Maces & Flails | 4 5 6 7 8 10 11 12 13 14 15 16 17 18 19 20 21 22 | 22.9
Invocations    | 4 5 6 8 |  8.0
Evocations     | 3 5 |  5.0
Shields        | 2 7 9 |  9.6
Throwing       | |  1.7

Action                   |  1- 3 |  4- 6 |  7- 9 | 10-12 | 13-15 | 16-18 | 19-21 | 22-24 | 25-27 || total
-------------------------+-------+-------+-------+-------+-------+-------+-------+-------+-------++-------
Melee: Flail             |    82 |   187 |       |       |       |       |       |       |       ||   269
       Whip              |       |   202 |   106 |       |       |       |       |       |       ||   308
       Dire flail        |       |       |   308 |   910 |  1353 |   291 |       |   126 |   969 ||  3957
       Demon whip        |       |       |       |       |       |   913 |       |       |       ||   913
       Mace              |       |       |       |       |       |   589 |  2568 |  2254 |     4 ||  5415
       Punch             |       |       |       |       |       |     1 |     3 |     5 |       ||     9
Throw: Throwing net      |       |       |     1 |     2 |     4 |       |       |       |       ||     7
Invok: Heroism           |       |       |       |       |     2 |     2 |     4 |     1 |     4 ||    13
       Finesse           |       |       |       |       |     1 |       |     2 |       |     7 ||    10
 Abil: Fly               |       |       |       |       |     1 |       |       |       |       ||     1
  Use: Scroll            |     2 |     5 |     7 |     9 |    17 |     8 |    11 |     8 |    17 ||    84
       Potion            |       |     2 |     1 |     3 |     2 |     1 |       |     1 |     5 ||    15
 Stab: Held in net/web   |       |       |       |     1 |     2 |       |       |       |       ||     3
       Distracted        |       |       |       |       |       |       |       |     1 |       ||     1
  Eat: Chunk             |       |     6 |    11 |    23 |    34 |    16 |    21 |    28 |       ||   139
       Ration            |       |       |       |     1 |     2 |     6 |     4 |     3 |     7 ||    23
Armor: Leather armour    |    48 |       |       |       |       |       |       |       |       ||    48
       Gold dragon scale |       |   470 |   366 |   580 |   811 |  1149 |  2270 |  1806 |   617 ||  8069
       Chain mail        |       |       |       |   134 |    56 |       |       |       |       ||   190
Dodge: Dodged            |    62 |    55 |   109 |   329 |   626 |  1232 |  3017 |  2800 |   871 ||  9101

Table legend:
 A = Non-vault XP
 B = Vault XP
 C = Vault XP percentage of total XP
 D = Non-vault monster count
 E = Vault monster count
 F = Vault count percentage of total count
                 A         B        C        D         E       F
            +---------+---------+-------+---------+---------+-------
      Total |  579796 |  620865 |  51.7 |    1493 |     850 |  36.3
            +---------+---------+-------+---------+---------+-------
        D:1 |      55 |       0 |   0.0 |      26 |       0 |   0.0
        D:2 |      74 |       0 |   0.0 |      21 |       0 |   0.0
        D:3 |     212 |     144 |  40.4 |      36 |      10 |  21.7
        D:4 |     441 |     633 |  58.9 |      11 |       8 |  42.1
        D:5 |     957 |     804 |  45.7 |      26 |       5 |  16.1
        D:6 |    1622 |    1242 |  43.4 |      37 |       4 |   9.8
        D:7 |     844 |     661 |  43.9 |      22 |       4 |  15.4
        D:8 |    1228 |     761 |  38.3 |      24 |      27 |  52.9
        D:9 |    1352 |     736 |  35.2 |      30 |      25 |  45.5
       D:10 |    1103 |    8517 |  88.5 |      18 |      28 |  60.9
       D:11 |    5908 |     535 |   8.3 |      30 |       1 |   3.2
       D:12 |    5638 |    1245 |  18.1 |      37 |       3 |   7.5
       D:13 |   10156 |    8108 |  44.4 |      33 |      11 |  25.0
       D:14 |    8147 |    7220 |  47.0 |      27 |       8 |  22.9
       D:15 |    3268 |    8718 |  72.7 |       8 |      12 |  60.0
     Lair:1 |    4549 |     425 |   8.5 |      23 |       1 |   4.2
     Lair:2 |    3866 |    1671 |  30.2 |      17 |       3 |  15.0
     Lair:3 |    2794 |     233 |   7.7 |      11 |       2 |  15.4
     Lair:4 |    4059 |     147 |   3.5 |      13 |       1 |   7.1
     Lair:5 |    8367 |     103 |   1.2 |      32 |       5 |  13.5
     Lair:6 |    9387 |    8895 |  48.7 |      31 |      29 |  48.3
    Swamp:1 |    9302 |    6708 |  41.9 |      24 |      12 |  33.3
    Swamp:2 |   12800 |     397 |   3.0 |      37 |       3 |   7.5
    Swamp:3 |   22438 |   10480 |  31.8 |      53 |       5 |   8.6
    Swamp:4 |   14391 |   21759 |  60.2 |      32 |      28 |  46.7
    Snake:1 |   10935 |       0 |   0.0 |      30 |       0 |   0.0
    Snake:2 |    6641 |    1649 |  19.9 |      11 |       1 |   8.3
    Snake:3 |   32832 |    4255 |  11.5 |      58 |       7 |  10.8
    Snake:4 |   43878 |   33824 |  43.5 |      83 |      47 |  36.2
      Orc:1 |    7677 |    4945 |  39.2 |      37 |       8 |  17.8
      Orc:2 |    1116 |   12550 |  91.8 |      19 |      30 |  61.2
      Elf:1 |   16967 |    9431 |  35.7 |      27 |      14 |  34.1
      Elf:2 |   15755 |   22308 |  58.6 |      32 |      28 |  46.7
      Elf:3 |   17317 |   45045 |  72.2 |      25 |      33 |  56.9
   Vaults:1 |   28129 |   18405 |  39.6 |      72 |      54 |  42.9
   Vaults:2 |   40333 |    7776 |  16.2 |      76 |      11 |  12.6
   Vaults:3 |   22019 |   36052 |  62.1 |      37 |      47 |  56.0
   Vaults:4 |   30213 |   47825 |  61.3 |      47 |      50 |  51.5
   Vaults:5 |   50345 |   98954 |  66.3 |      71 |      63 |  47.0
    Crypt:1 |   37022 |   19628 |  34.6 |      51 |       4 |   7.3
    Crypt:2 |   32065 |       0 |   0.0 |      43 |       0 |   0.0
    Crypt:3 |   27699 |   53786 |  66.0 |      39 |      71 |  64.5
     Tomb:1 |    9604 |   49766 |  83.8 |      22 |      43 |  66.2
     Tomb:2 |    1228 |   16210 |  93.0 |       3 |      15 |  83.3
     Tomb:3 |    2333 |   17480 |  88.2 |      14 |      34 |  70.8
    Abyss:2 |   12730 |       0 |   0.0 |      37 |       0 |   0.0
    Volcano |       0 |    5131 | 100.0 |       0 |       8 | 100.0
     WizLab |       0 |   21807 | 100.0 |       0 |      40 | 100.0
   Gauntlet |       0 |    3896 | 100.0 |       0 |       7 | 100.0
            +---------+---------+-------+---------+---------+-------
